 Dungeon Crawl Stone Soup version 0.18.1-50-g88ac8fd (webtiles) character file.

2770 nikopol the Cleaver (level 9, -2/79 HPs)
             Began as a Hill Orc Berserker on Oct 20, 2016.
             Was an Elder of Trog.
             Slain by a gnoll
             ... wielding a +0 club
              (4 damage)
             ... on level 7 of the Dungeon.
             The game lasted 00:20:29 (9896 turns).

nikopol the Cleaver (Hill Orc Berserker)            Turns: 9896, Time: 00:20:29

Health: -2/79      AC:  7    Str: 21    XL:     9   Next: 69%
Magic:  9/9        EV: 13    Int:  7    God:    Trog [****..]
Gold:   338        SH:  0    Dex: 12    Spells: 0 memorised, 8 levels left

rFire  . . .     SeeInvis .     a - +0 hand axe
rCold  . . .     Gourm    .     A - +0 ring mail
rNeg   + . .     Faith    .     (no shield)
rPois  .         Spirit   .     (no helmet)
rElec  .         Dismiss  +     (no cloak)
rCorr  .         Reflect  .     y - +0 pair of gloves
SustAt .         Harm     .     (no boots)
MR     .....                    F - amulet of dismissal
Stlth  +.........               (no ring)
                                f - ring of positive energy

@: not resistant to hostile enchantments, very unstealthy
A: no striking features
a: Berserk, Trog's Hand, Brothers in Arms, Burn Spellbooks, Renounce Religion


You were on level 7 of the Dungeon.
You worshipped Trog.
Trog was greatly pleased with you.
You were not hungry.

You visited 1 branch of the dungeon, and saw 7 of its levels.

You collected 338 gold pieces.

Inventory:

Hand Weapons
 a - a +0 hand axe (weapon)
 z - a +2 shortbow of freezing
 G - a +0 shortbow
Missiles
 r - 119 arrows
Armour
 b - a +0 animal skin
 s - a +0 leather armour
 y - a +0 pair of gloves (worn)
 A - a +0 ring mail (worn)
 I - a +0 scale mail
Jewellery
 f - a ring of positive energy (left hand)
 F - an amulet of dismissal (around neck)
Wands
 w - a wand of teleportation (1/9)
Scrolls
 d - a scroll of enchant weapon {unknown}
 g - a scroll of enchant armour {unknown}
 h - a scroll of random uselessness {unknown}
 i - 6 scrolls of remove curse {unknown}
 l - a scroll of fog {unknown}
 m - a scroll of amnesia {unknown}
 o - 2 scrolls of blinking {unknown}
 q - a scroll of recharging {unknown}
 t - 7 scrolls of identify {unknown}
 x - 2 scrolls of teleportation {unknown}
 H - a scroll of fear {unknown}
Potions
 e - 3 potions of degeneration {unknown}
 j - 2 potions of agility
 k - a potion of brilliance {unknown}
 n - 2 potions of invisibility {unknown}
 p - 2 potions of curing {unknown}
 u - 2 potions of might {unknown}
 v - a potion of cancellation {unknown}
 C - 2 potions of lignification {unknown}
 D - a potion of mutation {unknown}
 E - a potion of resistance {unknown}
Comestibles
 c - 8 bread rations
 B - 14 fruits
 J - a slice of pizza
 K - 3 chunks of flesh


   Skills:
 + Level 7.5 Fighting
 * Level 9.8 Axes
 * Level 4.7 Bows
 + Level 6.2 Armour
 + Level 5.0 Dodging


You had 8 spell levels left.
You didn't know any spells.

Dungeon Overview and Level Annotations

Branches:
Dungeon (7/15)             Temple (0/1) D:6

Altars:
Ashenzari
Cheibriados
Fedhas
Okawaru
Sif Muna
Trog
Vehumet
Yredelemnul
Zin


Message History

* * * LOW HITPOINT WARNING * * *
Your amulet of dismissal vibrates suddenly!
The giant frog disappears!
A gnoll comes into view. It is wielding a club.
You are too injured to fight recklessly!
You are too injured to fight recklessly!
A gnoll, a crimson imp and a zombie come into view.
The crimson imp shouts!
The gnoll shouts!
The jackal zombie moves out of view.
The orc priest hits you with a mace.
* * * LOW HITPOINT WARNING * * *
Your amulet of dismissal vibrates suddenly!
The orc priest disappears!
The gnoll hits you but does no damage.
The gnoll hits you from afar with a spear.
* * * LOW HITPOINT WARNING * * *
Found a robe.
A gnoll comes into view. It is wielding a spear.
Things that are here:
a giant frog corpse; a howler monkey corpse x2
You fail to use your ability.
The gnoll hits you with a club.
You die...

.. .. ##### .##.# . #
....##. ### .# ......
##.. .. #...## #...#
#Z #....# #.### #..
###.#..####..###
#..####...#...........
#(§g@..#........# ###
#.(g#####........#####
...(... #.............
......5 #.........####
.(.....
..............>#
...[...
###.........##.##
.......
#.......>..#...
.....g.
............####
..##########.....


You could see 2 gnolls.

Vanquished Creatures
  Pikel (D:5)
  Edmund (D:5)
  A hippogriff (D:7)
  A slave (D:5)
  An ice beast (D:6)
  An orc warrior (D:6)
  2 ogres (D:4)
  4 centaurs
  3 giant frogs
  2 scorpions (D:4)
  An electric eel (D:6)
  4 howler monkeys (D:7)
  A centaur zombie (D:5)
  2 crimson imps
  2 giant frog zombies (D:6)
  A hound (D:4)
  5 orc wizards (D:6)
  An iron imp (D:6)
  2 iguanas
  3 worker ants (D:4)
  8 adders
  A shadow imp (D:6)
  An ooze (D:1)
  5 worms
  2 dart slugs
  5 giant geckos
  18 orcs
  5 giant cockroaches
  7 goblins
  10 hobgoblins
  14 jackals
  2 quokkas (D:2)
  9 bats
  A giant gecko skeleton (D:5)
  A giant gecko zombie (D:6)
  2 giant newts
  10 kobolds
  A quokka skeleton (D:4)
  14 rats
155 creatures vanquished.

Vanquished Creatures (others)
  3 slaves (D:5)
  An orc wizard (D:5)
  A worker ant (D:5)
  4 orcs (D:5)
  A quokka (D:5)
10 creatures vanquished.

Grand Total: 165 creatures vanquished

Notes
Turn   | Place    | Note
--------------------------------------------------------------
     0 | D:1      | nikopol the Hill Orc Berserker began the quest for the Orb.
     0 | D:1      | Reached XP level 1. HP: 19/19 MP: 1/1
   216 | D:1      | Reached XP level 2. HP: 27/27 MP: 2/2
   969 | D:1      | Reached XP level 3. HP: 31/33 MP: 3/3
  1359 | D:1      | Reached ** piety under Trog
  2142 | D:2      | Reached XP level 4. HP: 35/40 MP: 4/4
  3632 | D:3      | Found a shattered altar of Ashenzari.
  3775 | D:3      | Reached XP level 5. HP: 47/47 MP: 5/5
  4291 | D:4      | Reached *** piety under Trog
  4291 | D:4      | Reached skill level 5 in Axes
  4762 | D:4      | Reached skill level 5 in Fighting
  4762 | D:4      | Reached XP level 6. HP: 56/56 MP: 6/6
  5497 | D:4      | Reached skill level 6 in Axes
  5497 | D:4      | Reached XP level 7. HP: 44/61 MP: 7/7
  6199 | D:4      | Found a blossoming altar of Fedhas.
  6321 | D:5      | Entered Level 5 of the Dungeon
  6496 | D:5      | Noticed Pikel
  6534 | D:5      | Killed Pikel
  6534 | D:5      | Reached skill level 7 in Axes
  6534 | D:5      | Reached skill level 5 in Armour
  6534 | D:5      | Reached XP level 8. HP: 62/70 MP: 8/8
  6875 | D:5      | Found a deep blue altar of Sif Muna.
  6884 | D:5      | Found a radiant altar of Vehumet.
  6891 | D:5      | Found a glowing silver altar of Zin.
  7380 | D:5      | Noticed Edmund
  7395 | D:5      | Killed Edmund
  7395 | D:5      | Reached skill level 8 in Axes
  7519 | D:6      | Reached XP level 9. HP: 72/78 MP: 9/9
  8220 | D:6      | Found a snail-covered altar of Cheibriados.
  8503 | D:6      | Reached skill level 9 in Axes
  8530 | D:6      | Found a staircase to the Ecumenical Temple.
  8576 | D:6      | Reached **** piety under Trog
  9240 | D:6      | Noticed a moth of wrath
  9243 | D:6      | Found a bloodstained altar of Trog.
  9437 | D:7      | Found a basalt altar of Yredelemnul.
  9478 | D:7      | Found an iron altar of Okawaru.
  9625 | D:7      | Reached skill level 5 in Dodging
  9651 | D:7      | Received a gift from Trog
  9894 | D:7      | HP: 2/79 [gnoll/spear (4)]
  9896 | D:7      | Slain by a gnoll

Skill      XL: |  1  2  3  4  5  6  7  8  9 |
---------------+----------------------------+-----
Dodging        | 2 3 4 5 |  5.0
Fighting       | 4 5 6 7 |  7.5
Axes           | 5 6 7 8 9 |  9.8
Armour         | 3 4 5 6 |  6.2
Bows           | 2 3 4 |  4.7

Action                   |  1- 3 |  4- 6 |  7- 9 || total
-------------------------+-------+-------+-------++-------
Melee: Hand axe          |   129 |   209 |   200 ||   538
 Fire: Shortbow          |       |       |   149 ||   149
Invok: Berserk           |     2 |     2 |     3 ||     7
 Stab: Sleeping          |     1 |       |       ||     1
  Eat: Chunk             |     6 |    12 |    11 ||    29
       Fruit             |       |       |     2 ||     2
       Meat ration       |       |       |     1 ||     1
Armor: Animal skin       |    31 |       |       ||    31
       Leather armour    |     5 |    20 |       ||    25
       Ring mail         |       |    40 |    66 ||   106
Dodge: Dodged            |   134 |   126 |   129 ||   389
